 Dungeon Crawl Stone Soup version 0.29.0-7-g18a832c13a (webtiles) character file.

Game seed: 4139750654249599483

210 Urakste the Protected (level 5, -4/47 HPs)
             Began as a Gnoll Wanderer on Sept 1, 2022.
             Killed by divine providence
             ... invoked by an orc priest
              (11 damage)
             ... on level 6 of the Dungeon.
             The game lasted 00:15:49 (3342 turns).

Urakste the Protected (Gnoll Wanderer)              Turns: 3342, Time: 00:15:50

Health: -4/47      AC: 12    Str: 12    XL:     5   Next: 87%
Magic:  7/7        EV:  7    Int: 14    God:
Gold:   217        SH:  0    Dex: 13    Spells: 4/7 levels left

rFire   . . .      SeeInvis .   a - +0 short sword
rCold   . . .      Faith    .   n - orb {light}
rNeg    . . .      Spirit   .   i - +1 chain mail of Ychoapo {Int+3}
rPois   .          Reflect  .   (no helmet)
rElec   .          Harm     .   (no cloak)
rCorr   .          Rampage  .   (no gloves)
Will    .....                   (no boots)
Stlth   ..........              (no amulet)
HPRegen 0.15/turn               (no ring)
MPRegen 0.10/turn               (no ring)

@: glowing
A: fangs 1, strong nose, distributed training
a: no special abilities


You were on level 6 of the Dungeon.
You visited 1 branch of the dungeon, and saw 6 of its levels.

You collected 217 gold pieces.

Inventory:

Hand Weapons
 a - a +0 short sword (weapon)
 g - a +2 vorpal sling
Missiles
 j - 7 stones (quivered)
Armour
 b - a +0 chain mail
 i - the +1 chain mail of Ychoapo (worn) {Int+3}
   (You found it on level 2 of the Dungeon)

   Int:       It affects your intelligence (+3).
 n - an orb of light (worn)
Jewellery
 k - a ring of ice
Scrolls
 d - 2 scrolls of teleportation
 f - 2 scrolls of identify {unknown}
 h - a scroll of amnesia {unknown}
 l - 2 scrolls of butterflies {unknown}
 q - a scroll of fear {unknown}
 r - a scroll of enchant weapon {unknown}
Potions
 e - a potion of degeneration {unknown}
 m - a potion of attraction {unknown}
 o - 2 potions of brilliance {unknown}
 p - a potion of lignification {unknown}


   Skills:
 + Level 6.7 Fighting
 + Level 4.9 Short Blades
 + Level 1.7 Long Blades
 + Level 1.7 Axes
 + Level 1.7 Maces & Flails
 + Level 1.7 Polearms
 + Level 1.7 Staves
 + Level 1.7 Ranged Weapons
 + Level 1.7 Throwing
 + Level 8.7 Armour
 + Level 3.1 Dodging
 + Level 1.7 Stealth
 + Level 1.7 Shields
 + Level 1.7 Unarmed Combat
 + Level 1.7 Spellcasting
 + Level 1.3 Conjurations
 + Level 1.3 Hexes
 + Level 1.3 Summonings
 + Level 1.3 Necromancy
 + Level 1.3 Translocations
 + Level 1.3 Transmutations
 + Level 1.3 Fire Magic
 + Level 1.3 Ice Magic
 + Level 1.3 Air Magic
 + Level 1.3 Earth Magic
 + Level 1.3 Poison Magic
 + Level 2.0 Invocations
 + Level 1.7 Evocations


You had 4 spell levels left.
You knew the following spells:

 Your Spells              Type           Power      Damage    Failure   Level
a - Conjure Flame         Conj/Fire      5%         6-21      100%        3

Your spell library contained the following spells:

 Spells                   Type           Power      Damage    Failure   Level
 Ensorcelled Hibernation  Hex/Ice        10%        N/A       99%         2
 Passwall                 Tmut/Erth      4%         N/A       99%         2
 Ignite Poison            Fire/Tmut/Pois 5%         N/A       100%        3
 Swiftness                Air            5%         N/A       100%        3
 Sticky Flame             Conj/Fire      5%         2d3       100%        4


Dungeon Overview and Level Annotations

Branches:
Dungeon (6/15)
 Temple: D:4-7

Altars:
Ru

Shops:
D:1 ([[(

Annotations:
D:5 1 transporter


Innate Abilities, Weirdness & Mutations

You have very sharp teeth.
Your uncanny sense of smell can sniff out nearby items.
Your experience applies equally to all skills.


Message History

The orc priest is severely wounded.
The orc priest invokes the aid of Beogh against you.
Pain shoots through your body!
* * * LOW HITPOINT WARNING * * *
You feel better.
The orc priest hits you but does no damage.
You feel better.
The orc priest begins to cast a cantrip, but forgets the words!
The orc priest hits you but does no damage.
You barely miss the orc priest.
The orc priest is severely wounded.
The orc priest miscasts a cantrip.
The orc priest barely misses you.
You hit the orc priest.
The orc priest is almost dead.
You hit the orc priest but do no damage.
The orc priest is almost dead.
The orc priest hits you but does no damage.
You hit the orc priest but do no damage.
The orc priest is almost dead.
The orc priest hits you with a +0 whip.
You hit the orc priest but do no damage.
The orc priest is almost dead.
The orc priest looks satisfied for a moment.
The orc priest hits you but does no damage.
You hit the orc priest but do no damage.
The orc priest is almost dead.
The orc priest invokes the aid of Beogh against you.
Pain shoots through your body!
* * * LOW HITPOINT WARNING * * *
You hit the orc priest but do no damage.
The orc priest is almost dead.
The orc priest hits you but does no damage.
You barely miss the orc priest.
The orc priest is almost dead.
You hit the orc priest but do no damage.
The orc priest is almost dead.
The orc priest calls down the wrath of Beogh upon you.
Beogh smites you!
You die...

#.. .. ##.#
#### ##..######
....
######.........
....
...........o...
..## #oo...o#
#o###### #@#
#..# ##.# .# .#
.# ∆ .. #.


You could see 2 orc priests and an orc.

Vanquished Creatures
  A scorpion (D:3)
  A hound (D:6)
  6 adders
  A dart slug (D:1)
  7 orcs
  11 ball pythons
  6 bats
  2 endoplasms
  A giant cockroach (D:3)
  4 goblins
  5 hobgoblins
  4 jackals (D:2)
  2 kobolds (D:2)
  A quokka (D:1)
  4 rats
56 creatures vanquished.

Notes
Turn   | Place    | Note
-------+----------+-------------------------------------------
     0 | D:1      | Urakste the Gnoll Wanderer began the quest for the Orb.
     0 | D:1      | Urakste set off with the following items: a +0 short sword,
                  | a +0 chain mail, a potion of curing, a scroll of
                  | teleportation.
     0 | D:1      | Reached XP level 1. HP: 23/23 MP: 1/1
    31 | D:1      | Found Silywit's Armour Boutique.
   342 | D:1      | Reached XP level 2. HP: 28/29 MP: 2/2
   588 | D:1      | Found Boajatoe's Antique Armour Emporium.
   697 | D:1      | Found Bisyemp's Antique Weapon Shoppe.
   982 | D:1      | Found Wamoen's Antique Weapon Shoppe.
  1083 | D:1      | Reached XP level 3. HP: 34/35 MP: 3/3
  1316 | D:2      | Found a faded altar of an unknown god.
  1331 | D:2      | Identified the +1 chain mail of Ychoapo {Int+3}
  1469 | D:2      | Reached skill level 1 in Invocations
  1490 | D:2      | Reached skill level 1 in Long Blades
  1490 | D:2      | Reached skill level 1 in Axes
  1490 | D:2      | Reached skill level 1 in Maces & Flails
  1490 | D:2      | Reached skill level 1 in Polearms
  1490 | D:2      | Reached skill level 1 in Staves
  1490 | D:2      | Reached skill level 1 in Ranged Weapons
  1490 | D:2      | Reached skill level 1 in Throwing
  1490 | D:2      | Reached skill level 1 in Stealth
  1490 | D:2      | Reached skill level 1 in Shields
  1490 | D:2      | Reached skill level 1 in Unarmed Combat
  1490 | D:2      | Reached skill level 1 in Spellcasting
  1490 | D:2      | Reached skill level 1 in Evocations
  1540 | D:2      | Found a sacrificial altar of Ru.
  1968 | D:3      | Reached XP level 4. HP: 41/41 MP: 5/5
  2040 | D:3      | Learned a level 3 spell: Conjure Flame
  2109 | D:3      | Noticed a scorpion
  2136 | D:3      | Killed a scorpion
  2137 | D:3      | Reached skill level 1 in Conjurations
  2137 | D:3      | Reached skill level 1 in Hexes
  2137 | D:3      | Reached skill level 1 in Summonings
  2137 | D:3      | Reached skill level 1 in Necromancy
  2137 | D:3      | Reached skill level 1 in Translocations
  2137 | D:3      | Reached skill level 1 in Transmutations
  2137 | D:3      | Reached skill level 1 in Fire Magic
  2137 | D:3      | Reached skill level 1 in Ice Magic
  2137 | D:3      | Reached skill level 1 in Air Magic
  2137 | D:3      | Reached skill level 1 in Earth Magic
  2137 | D:3      | Reached skill level 1 in Poison Magic
  2137 | D:3      | Reached XP level 5. HP: 46/47 MP: 5/7
  2981 | D:5      | Entered Level 5 of the Dungeon
  2981 | D:5      | Found a transporter.
  3342 | D:6      | Killed from afar by an orc priest

Illustrated notes

Levels and vault maps discovered:
D:1:      eino_arrival_cavern_c, layout_basic, serial_shops, shop,
          nicolae_shop_crystal, nicolae_shop_hallway_stairs,
          nicolae_diamond_shop
D:2:      layout_rooms, basic_ecumenical_altar, basic_altar, minmay_misc_feat_x
D:3:      layout_loops_corners
D:4:      layout_loops_cross, lemuel_round_altar, minmay_temple_entry_slanted,
          serial_demonic, serial_demonic_b, serial_demonic_d, serial_demonic_f,
          serial_demonic_d, serial_demonic_e, serial_demonic_e,
          serial_demonic_g, uniq_pikel
D:5:      gammafunk_wand_slinger, layout_rooms, overflow_temple_1_default,
          kennysheep_little_box, enter_ossuary_1, serial_shops, shop,
          kennysheep_decorative_pillar
D:6:      layout_cave_pods, mainiacjoe_overflow_alcove_2, patterned_corridor

Skill      XL: |  1  2  3  4  5 |
---------------+----------------+-----
Invocations    | 1 2 |  2.0
Long Blades    | 1 |  1.7
Axes           | 1 |  1.7
Maces & Flails | 1 |  1.7
Polearms       | 1 |  1.7
Staves         | 1 |  1.7
Ranged Weapons | 1 |  1.7
Throwing       | 1 |  1.7
Stealth        | 1 |  1.7
Shields        | 1 |  1.7
Unarmed Combat | 1 |  1.7
Spellcasting   | 1 |  1.7
Evocations     | 1 |  1.7
Conjurations   | 1 |  1.3
Hexes          | 1 |  1.3
Summonings     | 1 |  1.3
Necromancy     | 1 |  1.3
Translocations | 1 |  1.3
Transmutations | 1 |  1.3
Fire Magic     | 1 |  1.3
Ice Magic      | 1 |  1.3
Air Magic      | 1 |  1.3
Earth Magic    | 1 |  1.3
Poison Magic   | 1 |  1.3
Dodging        | 3 |  3.1
Fighting       | |  6.7
Short Blades   | |  4.9
Armour         | |  8.7

Action                   |  1- 3 |  4- 6 || total
-------------------------+-------+-------++-------
Melee: Short sword       |   136 |   107 ||   243
       Bite              |    10 |    13 ||    23
       Punch             |     1 |       ||     1
 Fire: Sling             |    17 |    27 ||    44
Throw: Stone             |       |     3 ||     3
  Use: Potion            |       |     2 ||     2
       Scroll            |       |     1 ||     1
Armor: Chain mail        |   127 |    71 ||   198
Dodge: Dodged            |    70 |    34 ||   104
